Map: Opérations galactiques EC

Players

Arialkz - Winner!

  • Race: Protoss Protoss

Worming

  • Race: Protoss Protoss
  • League: Diamond

VOD

Have the link to the VOD?

Description

Time

  • Played on: Oct. 21, 2016, 12:11 p.m.
  • Length: 6:23
Show
View Real Time Build Order
Export as new Build Order

Arialkz Protoss - Winner!

Build Orders:  

Get SALT Encoding   

  12  0:01  Probe (Chrono Boost)  
  13  0:11  Probe (Chrono Boost)  
  14  0:18  Pylon  
  14  0:22  Probe (Chrono Boost)  
  15  0:36  Probe (Chrono Boost)  
  15  0:37  Gateway  
  16  0:43  Assimilator  
  16  0:47  Probe (Chrono Boost)  
  17  0:57  Probe (Chrono Boost)  
  17  1:03  Gateway  
  18  1:08  Probe (Chrono Boost)  
  19  1:15  Assimilator  
  20  1:18  Probe (Chrono Boost)  
  20  1:26  Cybernetics Core  
  20  1:32  Pylon  
  20  1:37  Probe (Chrono Boost)  
  21  1:48  Probe (Chrono Boost)  
  21  1:54  Warp Gate  
  22  2:00  Probe (Chrono Boost), Gateway  
  23  2:11  Stalker  
  25  2:15  Stalker  
  27  2:23  Pylon  
  27  2:38  Pylon  
  27  2:43  Mothership Core (Chrono Boost)  
  29  2:48  Stalker  
  31  2:53  Stalker  
  33  3:04  Gateway  
  33  3:13  Stalker  
  35  3:22  Stalker  
  37  3:40  Robotics Facility  
  37  4:03  Stalker x2  
  37  4:04  Stalker  
  37  4:06  Pylon  
  43  4:21  Stalker  
  45  4:25  Immortal  
  47  5:00  Stalker x3  
  53  5:12  Observer  
  53  5:18  Pylon  
  36  6:07  Stalker x4  
Show
View Real Time Build Order
Export as new Build Order

Worming Protoss 

Build Orders: Nexus First 

Get SALT Encoding   

  12  0:01  Probe (Chrono Boost)  
  13  0:16  Pylon  
  13  0:18  Probe (Chrono Boost)  
  14  0:29  Probe (Chrono Boost)  
  15  0:39  Probe (Chrono Boost)  
  16  0:57  Nexus, Unknown  
  16  1:01  Probe (Chrono Boost)  
  17  1:11  Probe (Chrono Boost)  
  17  1:15  Gateway  
  18  1:22  Probe (Chrono Boost)  
  19  1:26  Assimilator  
  20  1:32  Probe (Chrono Boost)  
  20  1:43  Probe (Chrono Boost)  
  21  1:53  Probe (Chrono Boost)  
  22  2:00  Pylon  
  22  2:02  Cybernetics Core  
  22  2:07  Probe (Chrono Boost)  
  23  2:08  Unknown, Zealot  
  23  2:11  Probe (Chrono Boost)  
  26  2:18  Probe (Chrono Boost)  
  26  2:22  Probe (Chrono Boost)  
  28  2:23  Pylon  
  28  2:30  Probe (Chrono Boost)  
  28  2:33  Probe (Chrono Boost)  
  30  2:43  Probe (Chrono Boost), Forge  
  31  2:45  Mothership Core (Chrono Boost)  
  33  2:54  Probe (Chrono Boost)  
  33  2:58  Zealot  
  36  3:00  Assimilator  
  36  3:04  Probe x2 (Chrono Boost), Warp Gate  
  38  3:06  Assimilator  
  38  3:14  Probe (Chrono Boost)  
  38  3:15  Probe (Chrono Boost)  
  40  3:25  Probe (Chrono Boost)  
  41  3:32  Protoss Ground Weapons Level 1  
  41  3:36  Probe (Chrono Boost)  
  40  3:45  Pylon x2  
  40  3:46  Probe (Chrono Boost)  
  40  3:47  Robotics Facility  
  41  3:57  Probe (Chrono Boost)  
  42  4:03  Probe (Chrono Boost), Robotics Facility  
  42  4:07  Probe (Chrono Boost)  
  42  4:08  Stalker  
  46  4:14  Probe (Chrono Boost)  
  47  4:28  Probe (Chrono Boost)  
  47  4:29  Assimilator  
  47  4:38  Probe (Chrono Boost), Zealot  
  49  4:46  Gateway  
  49  4:47  Pylon x2  
  49  4:49  Probe (Chrono Boost)  
  49  4:59  Immortal x2  
  52  5:21  Gateway  
  52  5:25  Pylon  
  52  5:27  Pylon  
  34  5:38  Stalker  
  34  5:59  Stalker  
  29  6:17  Pylon  
Tags
 
Add a new tag
Caveats
  • Supply blocks, unpowered buildings, or Contaminate may cause inaccurate times.
  • Supply counts are checked every 10 seconds.